General information
- name: BNet
- type: Ladder team game (AT/RT)
- host: Battle.net
- saver: boli
map: LostTemple
- players: 4
- length: 13:04
- speed: Fast
- version: 1.24 W3XP
- replay type: Public
» download(69 KB)
Players
team 1 (winner)

»
boli (
green | 87 APM | 1133 actions | 13:04)
4 Death Knight
2 Death Coil
2 Unholy Aura
2 Lich
1 Frost Nova
1 Frost Armor
» actions
| Assign group hotkey | 11 | |
| Basic commands | 97 | |
| Build / train | 55 | |
| Enter build submenu | 12 | |
| Enter hero's abilities submenu | 6 | |
| Give item / drop item | 1 | |
| Right click | 481 | |
| Select / deselect | 263 | |
| Select group hotkey | 146 | |
| Use ability | 61 | |
1133 total
» units
| Acolyte | 4 | |
| Ghoul | 2 | |
| Crypt Fiend | 14 | |
| Obsidian Statue | 3 | |
23 total
» upgrades
| Creature Attack | 2 | |
| Burrow | 1 | |
| Creature Carapace | 2 | |
| Destroyer Form | 1 | |
6 total
» buildings
| Graveyard | 1 | |
| Crypt | 1 | |
| Altar of Darkness | 1 | |
| Ziggurat | 5 | |
| Tomb of Relics | 1 | |
| Nerubian Tower | 1 | |
| Halls of the Dead | 2 | |
| Slaughterhouse | 1 | |
| Black Citadel | 1 | |
14 total
» build order
00:05 Graveyard
00:08 Crypt
00:50 Altar of Darkness
00:54 Ziggurat
01:35 Tomb of Relics
01:58 Ziggurat
02:49 Nerubian Tower
05:16 Halls of the Dead
05:16 Halls of the Dead
05:30 Ziggurat
06:11 Ziggurat
07:59 Slaughterhouse
10:03 Black Citadel
12:23 Ziggurat
» items
| Rod of Necromancy | 2 | |
| Dust of Appearance | 1 | |
3 total
chiggazvince (
purple | 83 APM | 1081 actions | 13:04)
4 Blademaster
2 Critical Strike
2 Wind Walk
3 Shadow Hunter
2 Hex
1 Healing Wave
» actions
| Assign group hotkey | 17 | |
| Basic commands | 37 | |
| Build / train | 39 | |
| ESC pressed | 4 | |
| Enter build submenu | 16 | |
| Enter hero's abilities submenu | 7 | |
| Right click | 494 | |
| Select / deselect | 248 | |
| Select group hotkey | 167 | |
| Use ability | 52 | |
1081 total
» units
| Peon | 7 | |
| Grunt | 6 | |
| Spirit Walker | 3 | |
| Raider | 2 | |
| Demolisher | 2 | |
20 total
» upgrades
| Pillage | 1 | |
| Melee Weapons | 2 | |
| Ensnare | 1 | |
| Ranged Weapons | 1 | |
| Armor | 1 | |
6 total
» buildings
| Altar of Storms | 1 | |
| Orc Burrow | 5 | |
| Barracks | 1 | |
| Voodoo Lounge | 1 | |
| Stronghold | 1 | |
| War Mill | 1 | |
| Beastiary | 1 | |
| Spirit Lodge | 2 | |
| Great Hall | 1 | |
14 total
» build order
00:11 Altar of Storms
00:20 Orc Burrow
00:36 Barracks
01:33 Orc Burrow
01:59 Voodoo Lounge
03:09 Stronghold
03:50 War Mill
04:07 Orc Burrow
05:16 Orc Burrow
05:35 Beastiary
05:37 Spirit Lodge
07:24 Spirit Lodge
10:22 Orc Burrow
12:28 Great Hall
team 2 (loser)
IM.Fusion (
teal | 85 APM | 1015 actions | 11:58)
1 Blademaster
1 Wind Walk
2 Shadow Hunter
1 Hex
1 Healing Wave
» actions
| Assign group hotkey | 23 | |
| Build / train | 37 | |
| Enter build submenu | 11 | |
| Enter hero's abilities submenu | 3 | |
| Give item / drop item | 1 | |
| Remove unit from queue | 1 | |
| Right click | 463 | |
| Select / deselect | 175 | |
| Select group hotkey | 244 | |
| Use ability | 57 | |
1015 total
» units
| Peon | 8 | |
| Grunt | 7 | |
| Raider | 4 | |
| Spirit Walker | 1 | |
20 total
» upgrades
| Berserker Strength | 1 | |
| Ensnare | 1 | |
2 total
» buildings
| Altar of Storms | 1 | |
| Orc Burrow | 4 | |
| Barracks | 1 | |
| Voodoo Lounge | 1 | |
| Stronghold | 1 | |
| War Mill | 1 | |
| Beastiary | 1 | |
| Spirit Lodge | 2 | |
12 total
» build order
00:04 Altar of Storms
00:18 Orc Burrow
00:32 Barracks
01:28 Orc Burrow
01:52 Voodoo Lounge
02:53 Stronghold
03:28 Orc Burrow
04:26 War Mill
05:45 Beastiary
06:15 Orc Burrow
07:07 Spirit Lodge
08:34 Spirit Lodge
» items
| Healing Salve | 3 | |
| Lesser Clarity Potion | 2 | |
| Potion of Healing | 3 | |
8 total
Kawk(Punch) (
yellow | 83 APM | 1085 actions | 13:03)
3 Demon Hunter
1 Evasion
2 Mana Burn
1 Keeper of the Grove
1 Entangling Roots
» actions
| Assign group hotkey | 35 | |
| Basic commands | 147 | |
| Build / train | 46 | |
| ESC pressed | 4 | |
| Enter build submenu | 13 | |
| Enter hero's abilities submenu | 4 | |
| Right click | 330 | |
| Select / deselect | 204 | |
| Select group hotkey | 243 | |
| Use ability | 59 | |
1085 total
» units
| Wisp | 10 | |
| Archer | 11 | |
| Huntress | 7 | |
| Dryad | 1 | |
| Druid of the Claw | 4 | |
33 total
» upgrades
| Druid of the Claw Training | 2 | |
| Mark of the Claw | 1 | |
3 total
» buildings
| Altar of Elders | 1 | |
| Moon Well | 5 | |
| Hunter's Hall | 1 | |
| Ancient of War | 2 | |
| Ancient Protector | 1 | |
| Tree of Ages | 2 | |
| Tree of Eternity | 1 | |
| Ancient of Lore | 2 | |
15 total
» build order
00:03 Altar of Elders
00:12 Moon Well
01:20 Hunter's Hall
01:47 Ancient of War
02:08 Ancient of War
02:26 Moon Well
03:00 Moon Well
03:11 Ancient Protector
05:04 Tree of Ages
05:43 Tree of Ages
08:23 Tree of Eternity
08:26 Ancient of Lore
08:27 Ancient of Lore
10:06 Moon Well
12:32 Moon Well
Chat log
(00:25 / Allies) boli: mass gamer
(00:28 / Allies) chiggazvince: ?
(00:28 / Allies) chiggazvince: who
(00:31 / Allies) boli: KAWK
(00:36 / Allies) boli: he suck tho
(00:39 / Allies) boli: and his partner blows
(00:50 / Allies) chiggazvince: prolly justa pick up game
(01:01 / Allies) chiggazvince: scoute
(01:04 / Allies) boli: yup
(01:13 / All) boli: AFK WATHCING MIDGET PORN
(01:19 / All) IM.Fusion: ha
(01:26 / All) boli: ITS NO FUNNY.. I HAVE A PROBLEM
(01:30 / All) Kawk(Punch): cool man
(01:42 / All) chiggazvince: whats worse is
(01:51 / All) chiggazvince: i jack off to ppl's reactions to midget portn
(01:53 / All) chiggazvince: porn*
(02:44 / Allies) boli: ew
(02:45 / Allies) boli: crit
(05:04 / Allies) chiggazvince: dus
(05:24 / Allies) boli: bisy
(06:15 / Allies) boli: lets get mind
(06:59 / Allies) boli: ..
(07:14 / Allies) boli: hitting teal
(08:17 / Allies) chiggazvince: meet in mid
(11:56 / All) IM.Fusion: gg
(12:00 / All) chiggazvince: gg
(12:04 / All) boli: GG